 Dungeon Crawl Stone Soup version 0.27-a0-684-g359e429f13 (webtiles) character file.

Game seed: 9323290764922586634

10 Allula97 the Skirmisher (level 2, -1/24 HPs)
             Began as a Demonspawn Berserker on Mar 20, 2021.
             Was a Follower of Trog.
             Slain by a hobgoblin
             ... wielding a +0 club
              (5 damage)
             ... on level 1 of the Dungeon.
             The game lasted 00:00:58 (558 turns).

Allula97 the Skirmisher (Demonspawn Berserker)       Turns: 558, Time: 00:00:59

Health: -1/24      AC:  2    Str: 23    XL:     2   Next: 10%
Magic:  2/2        EV: 12    Int:  8    God:    Trog [*.....]
Gold:   28         SH:  0    Dex: 14    Spells: 1/1 levels left

rFire    . . .     SeeInvis .   a - +0 falchion
rCold    . . .     Faith    .   (no shield)
rNeg     . . .     Spirit   .   b - +0 animal skin
rPois    .         Reflect  .   (no helmet)
rElec    .         Harm     .   (no cloak)
rCorr    .         Rampage  .   (no gloves)
Will     .....                  (no boots)
Stlth    ++........             (no amulet)
HPRegen  0.08/turn              f - +6 ring of strength
MPRegen  0.08/turn              (no ring)

@: no status effects
A: thin skeletal structure 1
a: Renounce Religion, Berserk


You were on level 1 of the Dungeon.
You worshipped Trog.
Trog was aware of your devotion.
You visited 1 branch of the dungeon, and saw 1 of its levels.

You collected 28 gold pieces.

Inventory:

Hand Weapons
 a - a +0 falchion (weapon)
Armour
 b - a +0 animal skin (worn)
Jewellery
 f - a +6 ring of strength (right hand)
Scrolls
 c - a scroll of noise {unknown}
 d - a scroll of amnesia {unknown}
 h - a scroll of identify {unknown}
Potions
 e - a potion of attraction {unknown}
 g - 2 potions of might {unknown}
 i - a potion of curing {unknown}


   Skills:
 * Level 3.1 Fighting
 * Level 3.0 Long Blades
 * Level 1.9 Armour
 * Level 1.8 Dodging
 * Level 0.3 Stealth


You had one spell level left.
You didn't know any spells.
Your spell library was empty.

Dungeon Overview and Level Annotations

Branches:
Dungeon (1/15)

Altars:


Innate Abilities, Weirdness & Mutations

You have a somewhat thin skeletal structure. (Dex +2, Stealth)


Message History

Found a stone staircase leading down.
You now have 28 gold pieces (gained 5).
Found 18 stones.
g - 2 purple potions
Found a stone staircase leading down.
A goblin comes into view.
Found a scroll labelled RUICKI IRARHOPN.
Found a stone staircase leading down.
The helpless goblin fails to defend itself.
You hit the goblin.
The goblin is severely wounded.
The goblin hits you. The goblin misses you.
You hit the goblin.
You kill the goblin!
Trog accepts your kill.
Your Long Blades skill increases to level 3!
h - a scroll labelled RUICKI IRARHOPN A hobgoblin comes into view.
It is wielding a +0 club.
A kobold comes into view.
It is wielding a +0 short sword of speed.
Found 10 gold pieces.
The kobold shouts!
You see here a bubbling clear potion.
i - a bubbling clear potion The hobgoblin hits you with a +0 club.
You hit the hobgoblin but do no damage. The hobgoblin hits you with a +0 club.
The kobold barely misses you.
You barely miss the hobgoblin.
The kobold hits you with a +0 short sword of speed.
The hobgoblin hits you with a +0 club. The kobold closely misses you.
You riposte.
You hit the kobold.
You kill the kobold!
Trog accepts your kill.
You hit the hobgoblin.
The hobgoblin is moderately wounded.
The hobgoblin hits you with a +0 club.
* * * LOW HITPOINT WARNING * * *
You barely miss the hobgoblin.
The hobgoblin is moderately wounded.
The hobgoblin hits you with a +0 club.
You die...

..... .. ...... ...
..#..### ..P ..#......
.P # ..#.#..#.# ##♣♣ .♣
♣.. ..#
#....##..#♣♣.♣♣...#
#..............#
.######..#......$..#
............@......#
.....######.###.)g.....#
.....#####..####.......#
......#......# #.......#
....#.#.>.>..# #.......#
...♣♣.♣......# #.......#
.♣♣♣P.P♣.....# #.......#
♣P♣.♣..♣♣....# #.......#
♣..♣...♣♣....#


You could see a hobgoblin.

Vanquished Creatures
  A dart slug (D:1)
  A goblin (D:1)
  A hobgoblin (D:1)
  A quokka (D:1)
  A frilled lizard (D:1)
  A kobold (D:1)
  3 rats (D:1)
9 creatures vanquished.

Notes
Turn   | Place    | Note
-------+----------+-------------------------------------------
     0 | D:1      | Allula97 the Demonspawn Berserker began the quest for the
                  | Orb.
     0 | D:1      | Reached XP level 1. HP: 18/18 MP: 1/1
   406 | D:1      | Gained mutation: You have a somewhat thin skeletal
                  | structure. (Dex +2, Stealth) [demonic ancestry]
   406 | D:1      | Reached XP level 2. HP: 24/24 MP: 2/2
   558 | D:1      | Slain by a hobgoblin

Illustrated notes

Levels and vault maps discovered:
D:1:      dpeg_arrival_simpleton_c, layout_rooms, serial_forest,
          infiniplex_forest_lined_1, infiniplex_forest_side_room,
          infiniplex_forest_straight_3, infiniplex_forest_clump_medium,
          infiniplex_forest_fountain, infiniplex_forest_end_double,
          infiniplex_forest_clump_double, infiniplex_forest_split,
          infiniplex_forest_3_way, chequers_serial_rivers_small_b

Skill      XL: |  1  2 |
---------------+-------+-----
Long Blades    | 3 |  3.0
Fighting       | |  3.1
Armour         | |  1.9
Dodging        | |  1.8
Stealth        | |  0.3

Action                   || total
-------------------------++-------
Melee: Falchion          ||    24
Invok: Berserk           ||     1
 Stab: Sleeping          ||     1
Armor: Animal skin       ||     1
Dodge: Dodged            ||    15
       Rpst.: Falchion   ||     4

Table legend: (Time is in decaauts)
 A = Elapsed time spent in this place.
 B = Non-inter-level travel time spent in this place.
 C = Inter-level travel time spent in this place.
 D = Time resting spent in this place.
 E = Time spent auto-exploring this place.
 F = Levels seen in this place.
 G = Mean time per level.
                   A        B        C        D        E       F      G
               +--------+--------+--------+--------+--------+-----+--------+
         Total |    567 |    567 |      0 |      0 |    410 |   1 |  567.0 |
       Dungeon |    567 |    567 |      0 |      0 |    410 |   1 |  567.0 |
               +--------+--------+--------+--------+--------+-----+--------+

Top non-repeatable levels by time:
     D:1: 567 daAuts
